 Dungeon Crawl Stone Soup version 0.29.1-2-gbd0b4ee654 (webtiles) character file.

Game seed: 6597153236550118259

1024 zermelo the Trooper (level 8, -5/71 HPs)
             Began as a Minotaur Berserker on Nov 13, 2022.
             Was a Priest of Trog.
             Slain by a gnoll
             ... wielding a +0 spear
             ... led by a gnoll sergeant
              (8 damage)
             ... on level 5 of the Dungeon.
             The game lasted 00:20:39 (5581 turns).

zermelo the Trooper (Minotaur Berserker)            Turns: 5581, Time: 00:20:40

Health: -5/71      AC: 11    Str: 25    XL:     8   Next: 2%
Magic:  7/7        EV: 12    Int:  4    God:    Trog [***...]
Gold:   274        SH:  0    Dex:  9    Spells: 7/7 levels left

rFire   . . .      SeeInvis .   a - +1 hand axe
rCold   + . .      Faith    .   (no shield)
rNeg    . . .      Spirit   .   m - +2 ring mail {rC+}
rPois   .          Reflect  .   (helmet restricted)
rElec   .          Harm     .   (no cloak)
rCorr   .          Rampage  .   (no gloves)
Will    .....                   i - +2 pair of boots
Stlth   ..........              (no amulet)
HPRegen 0.21/turn               (no ring)
MPRegen 0.10/turn               (no ring)

@: no status effects
A: horns 2, retaliatory headbutt
a: Renounce Religion, Berserk, Trog's Hand


You were on level 5 of the Dungeon.
You worshipped Trog.
Trog was most pleased with you.
You visited 2 branches of the dungeon, and saw 6 of its levels.

You collected 274 gold pieces.

Inventory:

Hand Weapons
 a - a +1 hand axe (weapon)
Missiles
 h - 19 poisoned darts (quivered)
 l - 52 stones
Armour
 b - a +0 animal skin
 c - a +0 scale mail
 i - a +2 pair of boots (worn)
 m - a +2 ring mail of cold resistance (worn)
 u - the +4 robe of Augmentation {Str+4 Int+4 Dex+4}
   (You found it on level 5 of the Dungeon)

   Str:       It affects your strength (+4).
   Int:       It affects your intelligence (+4).
   Dex:       It affects your dexterity (+4).
Jewellery
 o - a ring of flight
 t - a ring of positive energy
Scrolls
 g - 2 scrolls of identify
 p - a scroll of teleportation
 q - a scroll of blinking
 r - a scroll of fear
 w - a scroll of butterflies
Potions
 d - a potion of haste {unknown}
 e - 2 potions of might
 f - a potion of mutation {unknown}
 j - 3 potions of curing {unknown}
 k - 2 potions of ambrosia {unknown}
 n - 3 potions of heal wounds {unknown}
 s - a potion of brilliance {unknown}
 v - a potion of resistance {unknown}


   Skills:
 + Level 6.7 Fighting
 + Level 6.5 Axes
 + Level 6.0 Armour
 + Level 5.4 Dodging


You had 7 spell levels left.
You didn't know any spells.
Your spell library was empty.

Dungeon Overview and Level Annotations

Branches:
Dungeon (5/15)             Temple (1/1) D:4

Altars:
Ashenzari
Cheibriados
Dithmenos
Fedhas
Gozag
Hepliaklqana
Kikubaaqudgha
Makhleb
Nemelex Xobeh
Okawaru
Qazlal
Ru
Sif Muna
Trog
Uskayaw
Vehumet
Wu Jian
Xom
Yredelemnul
Zin
The Shining One

Shops:
D:2 =


Innate Abilities, Weirdness & Mutations

You have a pair of horns on your head.
You reflexively headbutt those who attack you in melee.


Message History

The gnoll hits you from afar with a +0 halberd.
The gnoll sergeant hits you but does no damage.
The gnoll hits you but does no damage.
The gnoll sergeant hits you but does no damage.
The gnoll hits you from afar with a +0 halberd.
The gnoll sergeant hits you from afar with a +0 spear!
The gnoll barely misses you.
The gnoll sergeant hits you but does no damage.
You hit the gnoll.
The gnoll is heavily wounded.
The gnoll barely misses you. The gnoll hits you but does no damage.
The gnoll sergeant hits you but does no damage.
You completely miss the gnoll.
You headbutt the gnoll, but do no damage.
The gnoll is heavily wounded.
The gnoll hits you from afar with a +0 spear.
The gnoll hits you with a +0 halberd.
The gnoll sergeant hits you from afar with a +0 spear.
You slash the gnoll!
You kill the gnoll!
Trog accepts your kill. The gnoll hits you but does no damage.
The gnoll sergeant closely misses you. The gnoll hits you with a +0 spear.
* * * LOW HITPOINT WARNING * * *
The gnoll sergeant hits you from afar with a +0 spear.
* * * LOW HITPOINT WARNING * * *
The gnoll barely misses you.
You slash the gnoll! Your headbutt misses the gnoll.
The gnoll is almost dead.
The gnoll barely misses you.
The gnoll sergeant hits you from afar with a +0 spear!
* * * LOW HITPOINT WARNING * * *
The gnoll closely misses you.
You hit the gnoll but do no damage. You headbutt the gnoll.
You kill the gnoll!
Trog accepts your kill.
The gnoll sergeant hits you from afar with a +0 spear!
* * * LOW HITPOINT WARNING * * *
The gnoll hits you from afar with a +0 spear!
You die...

#...'...........
######...###.#.#.###.
.............#.#.....
.....................
######..####.#.#^###.
#..# #.#.#.# #. #..#
#.#.#.# #.
.########).####.#.#.###.
.....g)@.....[..........
.####g###########.#####.
# #........ #........
#.######. #.# #. #.# #.
#.# ## #.#


You could see a gnoll sergeant and a gnoll.

Vanquished Creatures
  A water moccasin (D:5)
  An ice beast (D:5)
  A black bear (D:5)
  2 ogres
  A scorpion (D:5)
  A howler monkey (D:4)
  3 hounds (D:4)
  2 orc priests
  An iguana (D:4)
  Natasha (thrice) (D:4)
  4 gnolls (D:5)
  6 adders
  2 river rats (D:4)
  A white imp (D:5)
  An ufetubus (D:5)
  3 worms
  3 dart slugs
  9 orcs
  6 ball pythons
  9 endoplasms
  8 giant cockroaches
  5 goblins
  8 hobgoblins
  7 jackals
  7 kobolds
  7 quokkas
  4 bats
  5 frilled lizards
  11 rats
122 creatures vanquished.

Notes
Turn   | Place    | Note
-------+----------+-------------------------------------------
     0 | D:1      | zermelo the Minotaur Berserker began the quest for the Orb.
     0 | D:1      | Reached XP level 1. HP: 19/19 MP: 0/0
   185 | D:1      | Reached XP level 2. HP: 27/27 MP: 1/1
   547 | D:1      | Found a faded altar of an unknown god.
  1182 | D:2      | Reached XP level 3. HP: 30/33 MP: 2/2
  1263 | D:2      | Found an ancient bone altar of Kikubaaqudgha.
  1267 | D:2      | Reached ** piety under Trog
  1627 | D:2      | Found Xylie's Jewellery Emporium.
  2022 | D:2      | Reached XP level 4. HP: 37/41 MP: 3/3
  3259 | D:4      | Reached XP level 5. HP: 40/47 MP: 4/4
  3327 | D:4      | Reached skill level 5 in Fighting
  3366 | D:4      | Reached skill level 5 in Axes
  3485 | D:4      | Reached *** piety under Trog
  3487 | D:4      | Noticed Natasha
  3496 | D:4      | Reached XP level 6. HP: 51/56 MP: 5/5
  3502 | D:4      | Killed Natasha
  4295 | D:4      | Noticed Natasha
  4300 | D:4      | Killed Natasha
  4324 | D:4      | Found a staircase to the Ecumenical Temple.
  4330 | Temple   | Entered the Ecumenical Temple
  4723 | D:4      | Noticed Natasha
  4725 | D:4      | Killed Natasha
  4726 | D:4      | Reached skill level 5 in Armour
  4726 | D:4      | Reached XP level 7. HP: 58/62 MP: 6/6
  4802 | D:5      | Entered Level 5 of the Dungeon
  4913 | D:5      | Found an opulent altar of Gozag.
  5065 | D:5      | Found the +4 robe of Augmentation {Str+4 Int+4 Dex+4}
  5129 | D:5      | Reached skill level 5 in Dodging
  5566 | D:5      | Reached XP level 8. HP: 67/71 MP: 7/7
  5581 | D:5      | HP: 3/71 [gnoll sergeant/+0 spear (9)]
  5581 | D:5      | Slain by a gnoll

Illustrated notes

Levels and vault maps discovered:
D:1:      saegor_arrival_simple_b, layout_basic,
          hellmonk_ecumenical_altar_run_dry
D:2:      minmay_spotlight, layout_basic, basic_altar, serial_shops,
          nicolae_shop_crystal
D:3:      layout_loops_cross
D:4:      layout_loops_ring, temple_statues, lightli_sewer_entry_pipes,
          uniq_natasha
D:5:      layout_basic, nicolae_gozag_cash_rules_everything_around_me
Temple:   mainiacjoe_temple_cubbyholes

Skill      XL: |  1  2  3  4  5  6  7 |
---------------+----------------------+-----
Fighting       | 4 5 6 |  6.7
Axes           | 4 5 6 |  6.5
Armour         | 3 4 5 6 |  6.0
Dodging        | 3 4 5 |  5.4

Action                   |  1- 3 |  4- 6 |  7- 9 || total
-------------------------+-------+-------+-------++-------
Melee: Hand axe          |    78 |   158 |    62 ||   298
       Headbutt          |    12 |    27 |    13 ||    52
       Punch             |     1 |     2 |     3 ||     6
  Use: Scroll            |     7 |     4 |     1 ||    12
 Stab: Sleeping          |     1 |       |       ||     1
Armor: Animal skin       |    36 |     1 |       ||    37
       Scale mail        |       |    61 |       ||    61
       Ring mail         |       |     2 |    40 ||    42
Dodge: Dodged            |    76 |    93 |    54 ||   223
